 Dungeon Crawl Stone Soup version 0.29.0-5-ge4962eb29e (webtiles) character file.

Game seed: 4874804217223795228

30024 sanka the Brawler (level 13, -3/137 HPs)
             Began as a Troll Cinder Acolyte on Aug 29, 2022.
             Was the Champion of Okawaru.
             Slain by a two-headed ogre
             ... wielding a +0 giant club
              (23 damage)
             ... on level 14 of the Dungeon.
             The game lasted 00:31:36 (14415 turns).

sanka the Brawler (Troll Cinder Acolyte)           Turns: 14415, Time: 00:31:37

Health: -3/137     AC: 14    Str: 25    XL:     13   Next: 18%
Magic:  17/18      EV: 12    Int: 10    God:    Okawaru [******]
Gold:   561        SH:  0    Dex:  9    Spells: 14/14 levels left

rFire   . . .      SeeInvis .     - Unarmed
rCold   . . .      Faith    +   (no shield)
rNeg    . . .      Spirit   .   V - +0 acid dragon scales
rPois   .          Reflect  .   B - +1 hat
rElec   .          Harm     .   n - +0 cloak
rCorr   +          Rampage  .   (gloves unavailable)
Will    .....                   (boots unavailable)
Stlth   +.........              R - amulet of faith
HPRegen 1.12/turn               p - +4 ring of evasion
MPRegen 0.16/turn               j - +4 ring of protection

@: no status effects
A: large, unfitting armour, claws 3, regeneration 1, shaggy fur 1, tough skin 1
a: Renounce Religion, Heroism, Finesse, Duel


You were on level 14 of the Dungeon.
You worshipped Okawaru.
Okawaru was exalted by your worship.
You visited 2 branches of the dungeon, and saw 15 of its levels.
You also visited: Bailey.

You collected 1370 gold pieces.
You spent 809 gold pieces at shops.


Innate Abilities, Weirdness & Mutations

You are too large for most types of armour.
You have claws for hands.
Your natural rate of healing is unusually fast.
You are covered in fur. (AC +1)
You have tough skin. (AC +1)


   Skills:
 + Level 11.2 Fighting
 - Level 0.8 Axes
 + Level 16.6 Unarmed Combat
 - Level 1.0 Spellcasting
 - Level 2.1 Fire Magic
 - Level 8.0 Invocations


You had 14 spell levels left.
You didn't know any spells.
Your spell library contained the following spells:

 Spells                   Type           Power      Damage    Failure   Level
 Scorch                   Fire           8%         2d5       26%         2
 Necrotise                Necr           0%         1d4       38%         1
 Ensorcelled Hibernation  Hex/Ice        0%         N/A       54%         2
 Passwall                 Tmut/Erth      0%         N/A       54%         2
 Dazzling Flash           Conj/Hex       0%         N/A       77%         3
 Swiftness                Air            0%         N/A       77%         3
 Vampiric Draining        Necr           0%         2d6       77%         3
 Iskenderun's Mystic Bla  Conj/Tloc      0%         2d3       99%         4
 Passage of Golubria      Tloc           0%         N/A       99%         4
 Agony                    Necr           0%         N/A       100%        5
 Silence                  Hex/Air        0%         N/A       100%        5
 Yara's Violent Unravell  Hex/Tmut       0%         3d3       100%        5
 Starburst                Conj/Fire      1%         6d3       100%        6
 Summon Small Mammal      Summ           Unusable   N/A       N/A         1
 Call Canine Familiar     Summ           Unusable   N/A       N/A         3
 Summon Guardian Golem    Hex/Summ       Unusable   N/A       N/A         3
 Tukima's Dance           Hex            Unusable   N/A       N/A         3

Inventory:

Hand Weapons
 b - a +3 scimitar of flaming
Missiles
 k - 4 curare-tipped darts (quivered) {=f}
 N - 7 javelins
Armour
 n - a +0 cloak (worn)
 B - a +1 hat (worn)
 F - a +2 tower shield of reflection
 V - +0 acid dragon scales (worn)
 W - the +1 hat "Qeziaxuq" {rF+ rC- rCorr Str+5}

   Str:       It affects your strength (+5).
   rF:        It protects you from fire.
   rC:        It makes you vulnerable to cold.
   rCorr:     It protects you from acid and corrosion.
Jewellery
 j - a +4 ring of protection (right claw)
 p - a +4 ring of evasion (left claw)
 E - an amulet of guardian spirit
 R - an amulet of faith (around neck)
 Y - a ring of willpower
Wands
 u - a wand of roots (8)
 x - a wand of polymorph (23)
 y - a wand of digging (11)
 z - a wand of charming (6)
 C - a wand of acid (14)
 D - a wand of flame (11)
Scrolls
 a - a scroll of acquirement {unknown}
 c - 4 scrolls of magic mapping
 e - 9 scrolls of teleportation {@r4}
 g - 3 scrolls of immolation {!r}
 m - 4 scrolls of fog
 o - a scroll of silence {!r}
 s - a scroll of enchant armour {unknown}
 t - 3 scrolls of poison {!r}
 A - 3 scrolls of vulnerability {!r}
 I - a scroll of identify {@r1}
 P - a scroll of brand weapon
 Q - a scroll of noise {!r}
 T - 8 scrolls of blinking
 Z - 2 scrolls of fear
Potions
 d - 2 potions of mutation {!q}
 f - 12 potions of curing {@q1}
 h - 2 potions of attraction {!q}
 i - 4 potions of haste {@q3}
 l - 4 potions of lignification {!q}
 q - 2 potions of flight
 r - a potion of berserk rage {!q}
 v - 4 potions of heal wounds {@q2}
 w - 3 potions of might {unknown}
 G - 3 potions of magic {unknown}
 H - 3 potions of ambrosia
 J - a potion of brilliance {unknown}
 L - 2 potions of resistance
 M - a potion of experience
 U - 3 potions of invisibility
 X - 2 potions of cancellation {unknown}

Dungeon Overview and Level Annotations

Branches:
Dungeon (14/15)            Temple (1/1) D:7            Lair (0/5) D:10
    Orc (0/2) D:12         Bailey (visited)
 Vaults: D:13-14

Altars:
Ashenzari
Cheibriados
Dithmenos
Elyvilon
Fedhas
Gozag
Hepliaklqana
Kikubaaqudgha
Makhleb
Nemelex Xobeh
Okawaru
Qazlal
Ru
Sif Muna
Trog
Uskayaw
Vehumet
Wu Jian
Xom
Yredelemnul
Zin
The Shining One

Shops:
D:3 *   D:4 *   D:7 [   D:8 (   D:12 ?([   D:13 (

Annotations:
D:10 exclusion: downstairs
D:12 exclusion: downstairs

. ▒▒▒▒▒..
.....B.
▒▒▒▒O......
▒..TOO.....
▒..▒O......
▒..▒OO...▒▒
▒▒▒▒..▒...£.▒
▒.....▒.....▒
▒▒▒.....▒.....▒
▒.......▒▒▒▒..▒
▒.>........▒..▒
▒..........▒


You could see a boulder beetle, 4 two-headed ogres, an ogre mage and an ogre.


Message History

Training target 8.0 for Invocations reached!
Your Invocations skill increases to level 8!
You closely miss the two-headed ogre. You claw the two-headed ogre!
The two-headed ogre is lightly wounded.
The two-headed ogre closely misses you.
The two-headed ogre hits you but does no damage.
You mangle the two-headed ogre!! You claw the two-headed ogre!
The two-headed ogre is almost dead.
You mangle the two-headed ogre!!
You kill the two-headed ogre!
Okawaru accepts your kill.
A two-headed ogre and a boulder beetle come into view.
The boulder beetle leaps!
The two-headed ogre hits you with a +0 giant club!!
The two-headed ogre hits you with a +0 giant club!
* * * LOW HITPOINT WARNING * * *
The two-headed ogre closely misses you.
The two-headed ogre hits you with a +0 giant spiked club!
* * * LOW HITPOINT WARNING * * *
The ogre mage hits you with a +0 flail!
* * * LOW HITPOINT WARNING * * *
There is an open door, spattered with blood here.
Items here: )))) †.
The two-headed ogre attacks as you move away!
The two-headed ogre hits you with a +0 giant club!!
* * * LOW HITPOINT WARNING * * *
The two-headed ogre hits you with a +0 giant club!!
You die...

Action                   |  1- 3 |  4- 6 |  7- 9 | 10-12 | 13-15 || total
-------------------------+-------+-------+-------+-------+-------++-------
Melee: Unarmed           |    96 |    85 |   252 |   646 |    40 ||  1119
       Punch             |     1 |     2 |     7 |    47 |     4 ||    61
       Battleaxe         |       |       |       |    42 |       ||    42
       Falchion          |       |       |       |     4 |       ||     4
       Scimitar          |       |       |       |       |     4 ||     4
Throw: Dart              |       |       |       |     1 |       ||     1
Invok: Heroism           |       |       |       |    11 |     1 ||    12
       Finesse           |       |       |       |     1 |       ||     1
Evoke: Wand              |       |       |       |    10 |       ||    10
  Use: Scroll            |       |     2 |     8 |    11 |       ||    21
       Potion            |       |     1 |       |     1 |       ||     2
 Stab: Sleeping          |       |       |     1 |       |       ||     1
Armor: Robe              |    33 |    18 |       |       |       ||    51
       Animal skin       |       |     9 |   124 |    31 |       ||   164
       Steam dragon scal |       |       |       |   192 |       ||   192
       Acid dragon scale |       |       |       |   101 |    10 ||   111
Dodge: Dodged            |    33 |    28 |    76 |   256 |    12 ||   405

Levels and vault maps discovered:
D:1:      lemuel_arrival_broad_hall, layout_loops_corners, serial_forest,
          infiniplex_forest_straight_2, infiniplex_forest_clump_large,
          infiniplex_forest_straight_4, infiniplex_forest_end_3,
          infiniplex_forest_corner_2, minmay_misc_feat_tower
D:2:      layout_loops_cross, nicolae_ecumenical_lake_church, basic_altar
D:3:      layout_basic, serial_shops, shop, uniq_grinder
D:4:      layout_gridville, marbit_many_paths, lightli_temple_of_fire,
          serial_shops, nicolae_shop_statue_plus, hangedman_decor_peaks_small,
          uniq_robin, uniq_pikel
D:5:      minmay_opposing_rooms, layout_loops_ring, kennysheep_little_box,
          nicolae_ru_awakened_eye, minivault_11, uniq_eustachio
D:6:      layout_basic, nicolae_wu_jian_immortal_techniques,
          kennysheep_mini_moat, makhleb_altar_promises_db, serial_bayou_pond_d,
          uniq_sigmund
D:7:      layout_loops_ring, ashenzari_conservatory_becter,
          mainiacjoe_overflow_six_doors_small, minmay_temple_entry_antechambers,
          serial_shops, nicolae_shop_window_shopping
D:8:      layout_loops_ring, mainiacjoe_overflow_alcove_1,
          mainiacjoe_overflow_brackets, mainiacjoe_overflow_cross_hatched,
          serial_shops, nicolae_shop_bloodbath_and_beyond,
          kennysheep_kite_vault, uniq_maurice, uniq_grum
D:9:      minmay_imperfect_grid, layout_rooms, enter_bailey_4
D:10:     layout_long_grid, vehumet_altar_wand_db, due_lair_maze_entry_diamond,
          uniq_nergalle
D:11:     minmay_the_grid_four_pointed_star
          [minmay_the_grid_triangle_9x9_wacky_v,
          minmay_the_grid_triangle_9x9_minimal,
          minmay_the_grid_triangle_9x9_flanged_cone,
          minmay_the_grid_triangle_9x9_limited_checkers,
          minmay_the_grid_prize_big_room], layout_layer_cave, uniq_urug
D:12:     layout_irregular_city, orc_david_3, serial_shops, shop_statue,
          uniq_rupert
D:13:     layout_cave_pools, serial_shops, nicolae_shop_statue_plus
D:14:     layout_irregular_city, david_vaults_5, minmay_stone_trees_large,
          minmay_misc_feat_secret_circle, guppyfry_shop_earth
Temple:   hellmonk_temple_forest_ring

Notes
Turn   | Place    | Note
-------+----------+-------------------------------------------
     0 | D:1      | sanka the Troll Cinder Acolyte began the quest for the Orb.
     0 | D:1      | Reached XP level 1. HP: 22/22 MP: 1/1
   166 | D:2      | Reached XP level 2. HP: 27/29 MP: 2/2
   506 | D:1      | Reached skill level 4 in Unarmed Combat
   653 | D:1      | Reached XP level 3. HP: 35/36 MP: 3/3
  1182 | D:2      | Found a faded altar of an unknown god.
  1421 | D:2      | Identified the +4 whip of the Seven Eyes {freeze, Fly rPois
                  | rCorr Dex-5}
  1476 | D:2      | Reached skill level 5 in Unarmed Combat
  1476 | D:2      | Reached XP level 4. HP: 44/44 MP: 4/4
  1490 | D:2      | Found a blossoming altar of Fedhas.
  1641 | D:3      | Found Gikin's General Store.
  1648 | D:3      | Bought a scroll of identify for 24 gold pieces
  1648 | D:3      | Bought a scroll of identify for 24 gold pieces
  1761 | D:3      | Noticed Grinder
  1771 | D:3      | Paralysed by Grinder for 4 turns
  1776 | D:3      | HP: 4/44 [Grinder/nerve-wracking pain (12)]
  1779 | D:3      | Paralysed by Grinder for 2 turns
  1783 | D:3      | Killed Grinder
  1784 | D:3      | Reached skill level 6 in Unarmed Combat
  1784 | D:3      | Reached XP level 5. HP: 16/50 MP: 5/5
  1840 | D:3      | Reached XP level 6. HP: 59/59 MP: 6/6
  2438 | D:4      | Noticed Robin
  2477 | D:4      | Killed Robin
  2478 | D:4      | Reached skill level 7 in Unarmed Combat
  2537 | D:4      | Found Sopnes's General Store.
  2545 | D:4      | Bought a scroll of teleportation for 36 gold pieces
  2605 | D:4      | Found an ancient bone altar of Kikubaaqudgha.
  2932 | D:4      | Noticed Pikel
  2952 | D:4      | Killed Pikel
  2953 | D:4      | Reached skill level 9 in Unarmed Combat
  2953 | D:4      | Reached XP level 7. HP: 66/66 MP: 7/7
  3032 | D:4      | Found a bloodstained altar of Trog.
  3163 | D:5      | Entered Level 5 of the Dungeon
  3210 | D:5      | Found a sacrificial altar of Ru.
  3325 | D:5      | Reached skill level 10 in Unarmed Combat
  3325 | D:5      | Reached XP level 8. HP: 74/74 MP: 8/8
  3603 | D:5      | Found a hazy altar of Hepliaklqana.
  3646 | D:5      | Noticed Eustachio
  3651 | D:5      | Killed Eustachio
  3652 | D:5      | Reached skill level 11 in Unarmed Combat
  3876 | D:5      | Reached skill level 3 in Fighting
  4186 | D:6      | Reached XP level 9. HP: 65/83 MP: 9/9
  4412 | D:6      | Found a burning altar of Makhleb.
  4414 | D:6      | Noticed a blizzard demon
  4418 | D:6      | Noticed a smoke demon
  4418 | D:6      | Noticed a smoke demon
  4602 | D:6      | Found an ornate altar of the Wu Jian Council.
  4692 | D:6      | Noticed Sigmund
  4695 | D:6      | Reached skill level 4 in Fighting
  4704 | D:6      | Killed Sigmund
  4705 | D:6      | Reached skill level 12 in Unarmed Combat
  4858 | D:6      | Found a sparkling altar of Nemelex Xobeh.
  4982 | D:7      | Found Wemuufem's Armour Boutique.
  5033 | D:7      | Found an opulent altar of Gozag.
  5094 | D:7      | Reached skill level 5 in Fighting
  5231 | D:7      | Found a broken altar of Ashenzari.
  5473 | D:7      | Found a staircase to the Ecumenical Temple.
  5515 | D:7      | Bought a +1 hat for 132 gold pieces
  5550 | Temple   | Entered the Ecumenical Temple
  5710 | Temple   | Fell from the grace of Ignis
  5710 | Temple   | Became a worshipper of Warmaster Okawaru
  6011 | D:8      | Noticed Maurice
  6028 | D:8      | Killed Maurice
  6028 | D:8      | Reached * piety under Okawaru
  6029 | D:8      | Reached skill level 6 in Fighting
  6047 | D:8      | Reached skill level 13 in Unarmed Combat
  6053 | D:8      | Reached XP level 10. HP: 93/98 MP: 10/10
  6066 | D:8      | Found Wuxibeb's Weapon Boutique.
  6214 | D:8      | Identified +0 steam dragon scales
  6248 | D:8      | Reached ** piety under Okawaru
  6447 | D:8      | Found a white marble altar of Elyvilon.
  6514 | D:8      | Noticed Grum
  6526 | D:8      | Killed Grum
  6527 | D:8      | Reached skill level 7 in Fighting
  6529 | D:8      | Reached skill level 1 in Invocations
  6964 | D:9      | Noticed a two-headed ogre
  6974 | D:9      | Killed a two-headed ogre
  6975 | D:9      | Reached skill level 2 in Invocations
  7139 | D:9      | Found a flagged portal.
  7145 | D:9      | Reached *** piety under Okawaru
  7176 | Bailey   | Entered a bailey
  7332 | Bailey   | Reached skill level 3 in Invocations
  7364 | Bailey   | Reached skill level 14 in Unarmed Combat
  7446 | Bailey   | Noticed an orc warlord
  7486 | Bailey   | HP: 2/104 [orc warlord/+8 battleaxe (16)]
  7496 | Bailey   | Killed an orc warlord
  7496 | Bailey   | Received a gift from Okawaru
  7497 | Bailey   | Reached XP level 11. HP: 22/111 MP: 1/12
  7647 | Bailey   | Identified the +9 battleaxe of Osubiq {spect, rC+ MP+9
                  | Dex-5 SInv}
  7865 | D:9      | Reached skill level 8 in Fighting
  7865 | D:9      | Reached skill level 4 in Invocations
  7866 | D:9      | Reached **** piety under Okawaru
  7866 | D:9      | Identified +0 acid dragon scales
  7987 | D:9      | Identified the +0 robe of Good Intentions {rPois}
  8060 | D:10     | Entered Level 10 of the Dungeon
  8066 | D:10     | Identified the ring "Jameck" {MP+9 Str+3}
  8156 | D:13     | Found Resos's Weapon Emporium.
  8185 | D:12     | Noticed Rupert
  8190 | D:12     | Noticed a six-headed hydra
  8193 | D:12     | Killed Rupert
  8193 | D:12     | Reached ***** piety under Okawaru
  8202 | D:12     | Killed a six-headed hydra
  8261 | D:12     | Found Xatolai's Weapon Boutique.
  8264 | D:12     | Found a staircase to the Orcish Mines.
  8266 | D:12     | Found Cuag's Armour Boutique.
  8270 | D:12     | Bought a +2 falchion of flaming for 208 gold pieces
  8272 | D:12     | Noticed a purple ugly thing
  8274 | D:12     | Noticed a deep elf pyromancer
  8286 | D:12     | Killed a purple ugly thing
  8287 | D:12     | Reached skill level 9 in Fighting
  8292 | D:12     | Killed a deep elf pyromancer
  8293 | D:12     | Reached skill level 15 in Unarmed Combat
  8601 | D:10     | Received a gift from Okawaru
  8963 | D:9      | Noticed a five-headed hydra
  8969 | D:9      | Killed a two-headed hydra
  9254 | D:11     | Noticed Urug
  9267 | D:11     | Noticed a boulder beetle
  9269 | D:11     | Killed Urug
  9270 | D:11     | Reached skill level 5 in Invocations
  9270 | D:11     | Reached XP level 12. HP: 100/124 MP: 14/14
  9287 | D:11     | Killed a boulder beetle
  9371 | D:11     | Identified the +1 robe of Insecurity {-Tele rElec rF+ rN+}
  9531 | D:11     | Noticed a two-headed ogre
  9592 | D:10     | Found a radiant altar of Vehumet.
  9657 | D:10     | Noticed Nergalle
  9670 | D:10     | Killed Nergalle
 10059 | D:9      | Received a gift from Okawaru
 10060 | D:9      | Reached skill level 10 in Fighting
 10497 | D:8      | Found a basalt altar of Yredelemnul.
 10568 | D:8      | Found a stormy altar of Qazlal.
 10571 | D:8      | Reached skill level 6 in Invocations
 10577 | D:10     | Was forgiven by Ignis
 10592 | D:10     | Identified the +1 hat "Qeziaxuq" {rF+ rC- rCorr Str+5}
                  | (Okawaru gifted it to you on level 10 of the Dungeon)
 10592 | D:10     | Received a gift from Okawaru
 10592 | D:10     | Reached ****** piety under Okawaru
 10679 | D:10     | Found a staircase to the Lair.
 11595 | D:11     | Killed a two-headed ogre
 11605 | D:11     | Noticed a boulder beetle
 11619 | D:11     | Killed a boulder beetle
 11700 | D:11     | Noticed a catoblepas
 11724 | D:11     | Killed a catoblepas
 11725 | D:11     | Reached skill level 16 in Unarmed Combat
 12366 | D:11     | Noticed a two-headed ogre
 12374 | D:11     | Killed a two-headed ogre
 12375 | D:11     | Reached skill level 7 in Invocations
 13158 | D:12     | Found Onach's Magic Scroll Boutique.
 13165 | D:12     | Bought a scroll of blinking for 97 gold pieces
 13165 | D:12     | Bought a scroll of teleportation for 39 gold pieces
 13165 | D:12     | Bought a scroll of teleportation for 39 gold pieces
 13340 | D:4      | Bought a scroll of fear for 48 gold pieces
 13340 | D:4      | Bought a scroll of silence for 114 gold pieces
 13340 | D:4      | Bought a scroll of fog for 48 gold pieces
 13803 | D:13     | Identified +0 acid dragon scales
 13969 | D:13     | Reached XP level 13. HP: 97/136 MP: 17/17
 14215 | D:13     | Reached skill level 11 in Fighting
 14410 | D:14     | Reached skill level 8 in Invocations
 14415 | D:14     | Slain by a two-headed ogre

Vanquished Creatures
  Rupert (D:12)
  An orc warlord (Bailey)
  3 boulder beetles
  3 hydras
  A catoblepas (D:11)
  5 two-headed ogres
  Urug (D:11)
  Nergalle (D:10)
  Pikel (D:4)
  3 deep elf pyromancers
  2 ugly things
  A manticore (D:11)
  Maurice (D:8)
  An efreet (D:11)
  2 unseen horrors
  A tengu conjurer (D:11)
  3 trolls
  A meliai (D:9)
  Grinder (D:3)
  8 slime creatures (D:13)
  Sigmund (D:6)
  2 vampires
  2 wraiths (D:11)
  6 wyverns
  Grum (D:8)
  8 yaks
  17 fire elementals
  6 vampire mosquitoes
  3 steam dragons
  Eustachio (D:5)
  3 acid dragons
  5 water moccasins
  3 ice beasts
  4 sky beasts
  3 black bears
  19 orc warriors
  10 centaurs
  5 ogres
  4 wolves (D:8)
  3 phantoms
  3 kobold brigands
  4 necrophages
  4 gnoll sergeants
  5 bullfrogs
  A scorpion (D:10)
  13 wights
  8 killer bees
  2 howler monkeys
  2 gnoll boudas
  A hound (D:7)
  A jelly (D:5)
  9 orc priests
  5 iguanas
  17 orc wizards
  Robin (D:4)
  16 gnolls
  8 adders
  A shadow imp (D:5)
  An ufetubus (D:7)
  2 worms
  3 dart slugs
  61 orcs
  3 ball pythons (D:2)
  6 endoplasms
  5 giant cockroaches
  18 hobgoblins
  3 jackals (D:1)
  4 quokkas
  6 bats
  4 frilled lizards
  20 goblins
  14 kobolds
  4 rats
402 creatures vanquished.

Vanquished Creatures (others)
  A deep elf pyromancer (D:12)
  46 fungi (D:10)
  51 plants
98 creatures vanquished.

Grand Total: 500 creatures vanquished
